Construct Section Command Post
Selects Indian Artillery Battlegroup
Selects Gurkha Rifles Section
Construct Platoon Command Post
Unlock M3 Stuart Light Tanks
6-pounder Anti-tank Gun Team
Selects Volunteer Infantry
Construct Company Command Post
Selects Artillery Saturation
Selects Off-map Airburst Barrage
Unlock M3 Grant Medium Tanks
Selects BL5.5 Artillery Emplacement